 Dungeon Crawl Stone Soup version 0.32-a0-132-g2d33c3cfaf (webtiles) character file.

Game seed: 1834182373874093672

10974 runemasterragnar the Mimic (level 11, -7/98 HPs)
             Began as a Troll Shapeshifter on Feb 9, 2024.
             Was an Elder of Hepliaklqana.
             Mangled by a manticore (16 damage)
             ... on level 11 of the Dungeon.
             The game lasted 00:16:04 (7888 turns).

runemasterragnar the Mimic (Troll Shapeshifter)     Turns: 7888, Time: 00:16:04

Health: -7/98      AC: 15    Str: 26    XL:     11   Next: 43%
Magic:  10/10      EV:  8    Int:  8    God:    Hepliaklqana [****..]
Gold:   228        SH:  5    Dex: 11    Spells: 10/10 levels left

rFire   + . .        C - +4 executioner's axe of Parts Unknown {elec, Fly rF+ rN+ Dex+2}
rCold   . . .        (shield currently unavailable)
rNeg    + + .        x - +1 pearl dragon scales
rPois   .            (helmet currently unavailable)
rElec   .            t - melded +0 cloak
rCorr   .            (gloves unavailable)
SInv    .            (boots unavailable)
Will    .....        k - amulet of reflection
Stlth   +            B - ring of Xaaxkenoar {Ice Slay+5 Stlth+}
HPRegen 1.16/turn    H - ring of fire
MPRegen 0.12/turn

%: reflection
@: beast-form, flying, hasted, very quick
A: beast (slay +4), reduced essence, large, unfitting armour, claws 3,
regeneration 1, shaggy fur 1, tough skin 1
a: Begin Untransformation, Renounce Religion, Recall Ancestor, Ancestor
Identity, Transference, Idealise


You were on level 11 of the Dungeon.
You worshipped Hepliaklqana.
Hepliaklqana was greatly pleased with you.
You were a hulking beast.
You visited 2 branches of the dungeon, and saw 12 of its levels.

You collected 740 gold pieces.
You spent 512 gold pieces at shops.

Inventory:

Hand Weapons
 C - the +4 executioner's axe of Parts Unknown (weapon) {elec, Fly rF+ rN+ Dex+2}
   (You bought it in a shop on level 10 of the Dungeon)

   Dex+2:     It affects your dexterity (+2).
   rF+:       It protects you from fire.
   rN+:       It protects you from negative energy.
   Fly:       It grants you flight.
Missiles
 s - 3 atropa-tipped darts (quivered)
 z - 3 throwing nets
Armour
 a - a +0 animal skin
 e - a +0 kite shield
 t - a +0 cloak (melded)
 x - +1 pearl dragon scales (worn)
Magical Staves
 g - a staff of cold
Jewellery
 i - a ring of flight
 k - an amulet of reflection (around neck)
 n - a ring of poison resistance
 B - the ring of Xaaxkenoar (left claw) {Ice Slay+5 Stlth+}
   (You acquired it on level 10 of the Dungeon)

   [ring of ice]

   Ice:       It enhances your ice magic.
   Slay+5:    It affects your accuracy & damage with ranged weapons and melee
   (+5).
   rF-:       It makes you vulnerable to fire.
   rC+:       It protects you from cold.
   Stlth+:    It makes you more stealthy.
 H - a ring of fire (right claw)
Talismans
 c - a beast talisman (active)
 f - a blade talisman
 G - a flux talisman
Wands
 d - a wand of quicksilver (2)
 r - a wand of paralysis (7)
 u - a wand of digging (3)
 F - a wand of flame (6)
Scrolls
 h - 2 scrolls of poison
 l - a scroll of brand weapon
 p - 4 scrolls of vulnerability
 q - 2 scrolls of enchant weapon
 v - a scroll of silence
 y - 3 scrolls of identify
 A - 2 scrolls of fear
 E - 2 scrolls of teleportation
 I - a scroll of immolation
 L - a scroll of enchant armour
Potions
 b - 3 potions of lignification
 j - 3 potions of brilliance
 m - 4 potions of heal wounds
 o - 3 potions of curing
 w - 2 potions of attraction
 J - a potion of degeneration {unknown}
Miscellaneous
 K - a tin of tremorstones (2/2)


   Skills:
 + Level 7.0 Fighting
 * Level 2.9 Axes
 + Level 6.2 Armour
 - Level 3.1 Dodging
 - Level 8.4 Unarmed Combat
 - Level 10.6 Shapeshifting


You had 10 spell levels left.
You didn't know any spells.
Your spell library contained the following spells:

 Spells                   Type           Power      Damage    Failure   Level
 Apportation              Tloc           0%         N/A       73%         1
 Necrotise                Necr           0%         1d4       73%         1
 Sandblast                Erth           0%         2d4       73%         1
 Sting                    Conj/Alch      0%         1d3       73%         1
 Summon Small Mammal      Summ           0%         N/A       73%         1
 Call Canine Familiar     Summ           0%         N/A       97%         3
 Passwall                 Erth           0%         N/A       97%         3
 Sigil of Binding         Hex            0%         N/A       97%         3
 Stone Arrow              Conj/Erth      0%         3d7       97%         3
 Summon Ice Beast         Ice/Summ       0%         N/A       97%         3
 Brom's Barrelling Bould  Conj/Erth      0%         2d3       100%        4
 Dimensional Bullseye     Hex/Tloc       0%         N/A       100%        4
 Vhi's Electric Charge    Tloc/Air       0%         N/A       100%        4
 Arcjolt                  Conj/Air       0%         1d10      100%        5
 Iskenderun's Battlesphe  Conj           0%         2d6       100%        5
 Summon Mana Viper        Hex/Summ       0%         N/A       100%        5
 Bombard                  Conj/Erth      0%         9d1       100%        6
 Monstrous Menagerie      Summ           0%         N/A       100%        7
 Spellforged Servitor     Conj/Summ      0%         N/A       100%        7
 Maxwell's Capacitive Co  Air            0%         ∞         100%        8


Dungeon Overview and Level Annotations

Branches:
Dungeon (11/15)            Temple (1/1) D:4
   Lair: D:8-11         Orc: D:9-12

Altars:
Ashenzari
Cheibriados
Dithmenos
Elyvilon
Fedhas
Gozag
Hepliaklqana
Kikubaaqudgha
Makhleb
Nemelex Xobeh
Okawaru
Qazlal
Ru
Sif Muna
Trog
Uskayaw
Vehumet
Wu Jian
Xom
Yredelemnul
Zin
The Shining One

Shops:
D:10 ?(((?

Portals:
Trove: D:10 (give +4 storm dragon scales)

Annotations:
D:9 1 runed translucent door, exclusion: ice statue, kaesle's ghost, journeyman HOFi


Innate Abilities, Weirdness & Mutations

You are a hulking beast.
Your limbs bulge with bestial killing power. (Slay +4)
Your life essence is reduced to manifest your ancestor. (-10% HP)
You are too large for most types of armour.
You have claws for hands.
Your natural rate of healing is unusually fast.
You are covered in fur. (AC +1)
You have tough skin. (AC +1)


Message History

Audrea is destroyed!
The yak closely misses you. The manticore bites you!
You block the manticore's attack.
The manticore claws you but does no damage.
The black bear bites the plant.
The plant begins to die.
The black bear claws the plant. x2; The yak barely misses you. x2
Unknown command.
Unknown command.
Unknown command.
You completely miss the yak.
The yak is heavily wounded.
You barely miss the manticore. You slash the water moccasin!
You kill the water moccasin!
You hit the yak.
The black bear bites the fungus.
The fungus begins to die.
The black bear claws the fungus. x2; The yak gores you but does no damage.
The yak gores you! The manticore bites you!
* * * LOW HITPOINT WARNING * * *
The manticore claws you but does no damage. x2
Your Fighting skill increases to level 7!
Unknown command.
Unknown command.
Unknown command.
You feel yourself speed up.
You carefully extract the barbed spikes from your body.
The yak gores you but does no damage.
The yak gores the yak.
The yak gores you!
* * * LOW HITPOINT WARNING * * *
The yak gores you.
* * * LOW HITPOINT WARNING * * *
The manticore bites you!
* * * LOW HITPOINT WARNING * * *
You block the manticore's attack.
The manticore claws you but does no damage.
The black bear bites the fungus.
The black bear claws the fungus. x2
Unknown command.
As you read the scroll of fear, it crumbles to dust.
You assume a fearsome visage.
The manticore resists with some effort.
The black bear looks frightened! x2; The yak looks frightened! x4
A nearby plant withers and dies.
The manticore bites you!
You die...
Hepliaklqana delivers you to your ancestors.

......P..P
....PP..P.PP.
#..P...P.P...
###...P.P.PP..P +
#....P.=P....PP .
#.......PP..P.P #.
#+###.)...PPPPPP.P
##.###..##.)....H..Ph..
...............hY.PP..P
>........$.......Y..P.P
#
####...##....##YY..PP.
..####...##....#
...h...
...<..†...#(...#
.......
..........#....#
.......
..........+....#
.......
..........#....#
.......
..........#....#


You could see a manticore, 4 yaks and 2 black bears.

Vanquished Creatures
  2 two-headed ogres
  Maurice (D:8)
  3 kobold demonologists (D:10)
  4 trolls
  Prince Ribbit (D:8)
  A shadow (D:9)
  A wraith (D:10)
  A wyvern (D:7)
  7 yaks
  A steam dragon (D:7)
  3 water moccasins
  A black bear (D:5)
  5 orc warriors
  An ice beast (D:7)
  A hornet zombie (D:6)
  2 ogres
  5 centaurs
  A lemure (D:9)
  4 kobold brigands
  3 scorpions
  4 bullfrogs
  2 gnoll sergeants
  5 wights
  2 killer bees (D:10)
  3 electric eels
  A bullfrog zombie (D:6)
  Crazy Yiuf (D:3)
  5 orc priests
  2 bombardier beetles
  5 hounds
  2 jellies (D:7)
  2 gnoll boudas
  2 sleepcaps
  Ijyb (D:3)
  An iguana (D:6)
  5 orc wizards
  17 gnolls
  7 adders
  6 ufetubi
  3 ribbon worms
  2 dart slugs
  33 orcs
  5 ball pythons
  3 endoplasms
  3 giant cockroaches
  5 goblins
  6 hobgoblins
  2 jackals (D:1)
  8 quokkas
  5 bats
  2 frilled lizards
  16 kobolds
  7 rats
221 creatures vanquished.

Vanquished Creatures (collateral kills)
  A two-headed ogre (D:9)
  Pikel (D:9)
  2 yaks
  A wyvern (D:7)
  A water moccasin (D:7)
  A sky beast (D:7)
  An orc warrior (D:11)
  A kobold brigand (D:10)
  A killer bee (D:10)
  An orc priest (D:5)
  A gnoll bouda (D:5)
  6 orc wizards
  2 gnolls
  15 orcs
  A kobold (D:9)
36 creatures vanquished.

Vanquished Creatures (others)
  2 hexers
  2 ancestors
4 creatures vanquished.

Grand Total: 261 creatures vanquished

Notes
Turn   | Place    | Note
-------+----------+-------------------------------------------
     0 | D:1      | runemasterragnar the Troll Shapeshifter began the quest for
                  | the Orb.
     0 | D:1      | Reached XP level 1. HP: 18/18 MP: 0/0
    51 | D:1      | Reached skill level 1 in Fighting
   137 | D:1      | Reached XP level 2. HP: 16/27 MP: 1/1
   766 | D:2      | Reached XP level 3. HP: 32/33 MP: 2/2
  1336 | D:3      | Reached XP level 4. HP: 31/41 MP: 3/3
  1386 | D:3      | Found a faded altar of an unknown god.
  1630 | D:3      | Found a broken altar of Ashenzari.
  1650 | D:3      | Noticed Ijyb
  1650 | D:3      | Paralysed by Ijyb for 3 turns
  1656 | D:3      | Paralysed by Ijyb for 2 turns
  1665 | D:3      | Killed Ijyb
  1666 | D:3      | Reached skill level 4 in Shapeshifting
  1725 | D:3      | Reached XP level 5. HP: 45/49 MP: 4/4
  1768 | D:3      | Found a runed translucent door.
  1769 | D:3      | Noticed Crazy Yiuf
  1893 | D:3      | You fall into a shaft and drop 1 floor!
  1900 | D:4      | Found a staircase to the Ecumenical Temple.
  1920 | Temple   | Entered the Ecumenical Temple
  1929 | Temple   | Became a worshipper of Hepliaklqana the Forgotten
  2256 | D:3      | Killed Crazy Yiuf
  2367 | D:4      | Found a shimmering blue altar of Sif Muna.
  2499 | D:4      | Reached XP level 6. HP: 57/57 MP: 5/5
  2812 | D:5      | Entered Level 5 of the Dungeon
  2934 | D:5      | Reached skill level 5 in Shapeshifting
  2989 | D:5      | Reached XP level 7. HP: 65/66 MP: 6/6
  3102 | D:5      | Reached * piety under Hepliaklqana
  3278 | D:5      | Reached skill level 1 in Armour
  3602 | D:6      | Reached skill level 5 in Unarmed Combat
  3606 | D:6      | Reached skill level 6 in Shapeshifting
  3764 | D:6      | Reached XP level 8. HP: 67/67 MP: 7/7
  4035 | D:6      | Found an ornate altar of the Wu Jian Council.
  4052 | D:6      | Found a radiant altar of Vehumet.
  4102 | D:6      | Reached ** piety under Hepliaklqana
  4104 | D:6      | Remembered your ancestor Audrea as a hexer
  4219 | D:6      | Found a basalt altar of Yredelemnul.
  4383 | D:7      | Reached skill level 7 in Shapeshifting
  4509 | D:7      | Reached XP level 9. HP: 53/76 MP: 8/8
  4782 | D:7      | Reached skill level 8 in Shapeshifting
  4890 | D:7      | Found a sacrificial altar of Ru.
  4951 | D:7      | Found an opulent altar of Gozag.
  5290 | D:8      | Reached skill level 5 in Fighting
  5434 | D:8      | Found a blossoming altar of Fedhas.
  5457 | D:8      | Noticed Prince Ribbit
  5467 | D:8      | Killed Prince Ribbit
  5519 | D:8      | Noticed Maurice
  5533 | D:8      | Maurice stole a flux talisman
  5536 | D:8      | Killed Maurice
  5537 | D:8      | Reached skill level 9 in Shapeshifting
  5537 | D:8      | Reached XP level 10. HP: 82/86 MP: 9/9
  5604 | D:8      | Reached *** piety under Hepliaklqana
  6067 | D:9      | Noticed a two-headed ogre
  6076 | D:9      | Killed a two-headed ogre
  6126 | D:9      | Noticed an ice statue
  6153 | D:9      | Found a runed translucent door.
  6153 | D:9      | Noticed kaesle's ghost (journeyman HOFi)
  6252 | D:9      | Noticed a two-headed ogre
  6263 | D:9      | Killed a two-headed ogre
  6264 | D:9      | Reached skill level 5 in Armour
  6350 | D:9      | Noticed Pikel
  6358 | D:9      | Killed Pikel
  6359 | D:9      | Reached skill level 10 in Shapeshifting
  6432 | D:9      | Reached **** piety under Hepliaklqana
  6562 | D:9      | Found a hide-covered altar of Uskayaw.
  6798 | D:10     | Entered Level 10 of the Dungeon
  6800 | D:10     | Found Jutul's Antique Weapon Shop.
  6862 | D:10     | Noticed a smoke demon
  6865 | D:10     | Noticed a sun demon
  6866 | D:10     | Noticed a sun demon
  7053 | D:10     | Found Jequnell's Magic Scroll Shoppe.
  7070 | D:10     | Noticed a soul eater
  7197 | D:10     | Reached XP level 11. HP: 96/96 MP: 10/10
  7221 | D:10     | Found Kyabbav's Antique Weapon Emporium.
  7224 | D:10     | Found Baper's Weapon Boutique.
  7281 | D:10     | Found Xuri's Magic Scroll Shoppe.
  7295 | D:10     | Bought a scroll of identify for 28 gold pieces
  7295 | D:10     | Bought a scroll of identify for 28 gold pieces
  7295 | D:10     | Bought a scroll of identify for 28 gold pieces
  7295 | D:10     | Bought a scroll of identify for 28 gold pieces
  7297 | D:10     | Identified a scroll of acquirement
  7298 | D:10     | Acquired the ring of Xaaxkenoar {Ice Slay+5 Stlth+}
  7308 | D:10     | Bought a shimmering executioner's axe for 330 gold pieces
  7308 | D:10     | Identified the +4 executioner's axe of Parts Unknown {elec,
                  | Fly rF+ rN+ Dex+2} (You bought it in a shop on level 10 of
                  | the Dungeon)
  7311 | D:10     | Found a portal to a secret trove of treasure.
  7315 | D:10     | Bought a scroll of identify for 20 gold pieces
  7315 | D:10     | Bought a scroll of identify for 20 gold pieces
  7315 | D:10     | Bought a scroll of teleportation for 30 gold pieces
  7566 | D:10     | Reached skill level 1 in Axes
  7849 | D:11     | Noticed a two-headed ogre
  7855 | D:11     | Killed a two-headed ogre
  7888 | D:11     | Mangled by a manticore

Illustrated notes

Levels and vault maps discovered:
D:1:      nzn_arrival_depleted_hourglass, layout_rooms, minmay_vboxes
D:2:      layout_loops_ring
D:3:      layout_basic, evilmike_ruin_ashenzari,
          dreamdust_ecumenical_altar_statues, uniq_ijyb, uniq_crazy_yiuf_cottage
D:4:      layout_loops_ring, mainiacjoe_overflow_tiny_flanked,
          minmay_temple_entry_ruins, eino_tiny_chamber
D:5:      layout_basic, corexii_item_surrounded_by_moat, minmay_fountain_box
D:6:      layout_gridville, lemuel_zombie_altar_yredelemnul,
          jmf_multi_god_temple2
D:7:      wad_river_or_something, layout_rooms, mainiacjoe_overflow_two_lobes
D:8:      layout_gridville, kennysheep_mini_moat, kennysheep_generic_room_9,
          uniq_maurice, uniq_prince_ribbit1
D:9:      layout_small_grid, nicolae_overflow_crystal_walls,
          hellmonk_ghost_happy_afterlife, minivault_16, uniq_pikel
D:10:     layout_small_grid, nicolae_trove_entry_isolated,
          nicolae_shop_national_dungeon_mall
D:11:     layout_gridville, due_lair_maze_entry_diamond, david_orc_2,
          ebering_ghost_xom
Temple:   dshaligram_water_room_temple

Skill      XL: |  1  2  3  4  5  6  7  8  9 10 11 |
---------------+----------------------------------+-----
Fighting       | 1 2 3 4 5 6 7 |  7.0
Dodging        | 2 3 |  3.1
Shapeshifting  | 4 5 6 7 9 10 | 10.6
Unarmed Combat | 4 5 6 7 8 |  8.4
Armour         | 1 3 4 5 6 |  6.2
Axes           | 2 |  2.9

Action                     |  1- 3 |  4- 6 |  7- 9 | 10-12 || total
---------------------------+-------+-------+-------+-------++-------
  Melee: Unarmed           |    94 |   115 |   228 |   109 ||   546
         Punch             |     1 |     5 |    10 |     4 ||    20
         Executioner's axe |       |       |       |    51 ||    51
 Invoke: Ancestor Identity |       |       |     1 |       ||     1
         Ancestor Life: He |       |       |     1 |       ||     1
         Recall Ancestor   |       |       |       |     1 ||     1
  Evoke: Wand              |       |       |     1 |     1 ||     2
    Use: Scroll            |       |       |     9 |    11 ||    20
         Potion            |       |       |     4 |     1 ||     5
   Stab: Paralysed         |       |       |     2 |       ||     2
         Confused          |       |       |     2 |     2 ||     4
         Distracted        |       |       |       |     3 ||     3
 Armour: Animal skin       |    47 |    73 |    16 |       ||   136
         Pearl dragon scal |       |       |   234 |   186 ||   420
  Dodge: Dodged            |    43 |    69 |    84 |    58 ||   254
  Block: Other             |    11 |    22 |    47 |    50 ||   130
         Reflection        |       |       |     3 |     6 ||     9
   Form: Blade             |       |       |       |     1 ||     1
         Beast             |       |       |       |     1 ||     1

Table legend: (Time is in decaauts)
 A = Elapsed time spent in this place.
 B = Non-inter-level travel time spent in this place.
 C = Inter-level travel time spent in this place.
 D = Time resting spent in this place.
 E = Time spent auto-exploring this place.
 F = Levels seen in this place.
 G = Mean time per level.
                   A        B        C        D        E       F      G
               +--------+--------+--------+--------+--------+-----+--------+
         Total |   7886 |   7652 |    234 |    424 |   5542 |  12 |  657.2 |
       Dungeon |   7867 |   7641 |    226 |    424 |   5542 |  11 |  715.2 |
        Temple |     18 |     10 |      8 |      0 |      0 |   1 |   18.0 |
               +--------+--------+--------+--------+--------+-----+--------+

Top non-repeatable levels by time:
     D:9: 1041 daAuts
     D:3: 879 daAuts
     D:8: 826 daAuts
     D:6: 815 daAuts
    D:10: 797 daAuts
     D:7: 785 daAuts
     D:1: 757 daAuts
     D:5: 720 daAuts
     D:4: 603 daAuts
     D:2: 555 daAuts
    D:11: 86 daAuts
  Temple: 18 daAuts
